Map: Último impacto

Players

MrFercho - Winner!

  • Race: Zerg Zerg
  • League: Gold
  • Spawn Location: 7:00

TATORREA - Winner!

  • Race: Protoss Protoss
  • League: Gold
  • Spawn Location: 7:00

tigro - Winner!

  • Race: Terran Terran
  • League: Bronze
  • Spawn Location: 7:00

IA (Élite)

  • Race: Protoss Protoss
  • Spawn Location: 5:00

IA (Élite)

  • Race: Terran Terran
  • Spawn Location: 5:00

IA (Élite)

  • Race: Terran Terran
  • Spawn Location: 7:00

IA (Élite)

  • Race: Protoss Protoss
  • Spawn Location: 5:00

IA (Élite)

  • Race: Terran Terran
  • Spawn Location: 5:00

VOD

Have the link to the VOD?

Description

Time

  • Played on: Aug. 19, 2020, 10:56 p.m.
  • Length: 12:34
Show
View Real Time Build Order
Export as new Build Order

MrFercho Zerg - Winner!

Build Orders: Pool First 

Get SALT Encoding   

  12  0:25  Drone  
  12  0:26  Spawning Pool  
  12  0:33  Overlord  
  12  0:37  Drone  
  12  0:41  Drone  
  14  0:52  Drone  
  15  0:58  Overlord  
  15  1:11  Drone  
  16  1:13  Queen  
  18  1:25  Zergling x2  
  18  1:31  Zergling x2  
  20  1:41  Zergling x2  
  20  2:02  Zergling x2  
  21  2:12  Zergling x2  
  22  2:29  Zergling x2  
  24  2:30  Zergling x2  
  24  2:54  Drone  
  24  2:55  Drone  
  24  2:57  Extractor  
  25  3:01  Extractor  
  24  3:07  Drone  
  25  3:13  Drone x3  
  25  3:14  Overlord  
  28  3:28  Overlord  
  28  3:30  Hatchery  
  27  3:43  Drone x3  
  27  3:45  Overlord  
  30  3:57  Drone  
  31  4:08  Metabolic Boost  
  31  4:33  Drone x4  
  35  4:45  Overlord x2  
  35  4:58  Zergling x8  
  39  5:20  Drone x5  
  39  5:21  Queen  
  44  5:27  Lair  
  46  5:41  Zergling x2  
  46  5:42  Zergling x12  
  53  5:57  Zergling x2  
  53  5:58  Zergling x4  
  55  6:20  Drone x6  
  61  6:26  Extractor  
  61  6:27  Extractor  
  53  7:09  Zergling x18  
  62  7:30  Drone  
  62  7:31  Drone  
  64  8:08  Zergling x6  
  56  8:48  Zergling x22  
  59  9:06  Spire  
  58  9:15  Drone x6  
  64  9:58  Hatchery  
  63  10:01  Hatchery  
  63  10:02  Hatchery  
  63  10:04  Hatchery  
  60  10:11  Zergling x16  
  67  10:15  Overlord x2  
  67  10:16  Overlord x2  
  54  10:36  Zergling x6  
  46  10:59  Mutalisk x4  
  46  11:00  Mutalisk x2  
  58  11:12  Mutalisk x3  
  64  11:29  Mutalisk x9  
  64  11:30  Mutalisk  
  84  11:39  Drone  
  88  11:40  Drone x5  
  90  12:04  Zergling x26  
  103  12:19  Overseer  
Show
View Real Time Build Order
Export as new Build Order

TATORREA Protoss - Winner!

Build Orders:  

Get SALT Encoding   

  12  0:02  Probe  
  13  0:14  Probe  
  13  0:19  Pylon  
  14  0:26  Probe  
  15  0:38  Probe  
  16  0:44  Gateway  
  16  0:50  Probe  
  17  0:57  Gateway  
  17  1:03  Probe  
  18  1:05  Assimilator  
  18  1:15  Probe  
  18  1:16  Assimilator  
  19  1:27  Probe  
  20  1:38  Cybernetics Core  
  20  1:39  Probe  
  21  1:51  Probe  
  22  2:03  Probe (Chrono Boost)  
  23  2:20  Warp Gate  
  23  2:46  Pylon  
  23  2:53  Pylon  
  23  3:04  Probe  
  28  3:14  Robotics Facility  
  28  3:16  Probe  
  25  3:20  Adept x2  
  29  3:30  Stargate  
  29  3:33  Probe  
  30  4:12  Nexus  
  30  4:13  Pylon  
  30  4:16  Pylon  
  30  4:17  Twilight Council  
  30  4:26  Adept x2  
  34  4:58  Void Ray  
  38  5:02  Immortal  
  38  5:06  Probe  
  43  5:18  Probe  
  44  5:40  Probe  
  44  5:41  Probe  
  46  5:45  Void Ray  
  50  5:52  Probe  
  50  5:53  Probe  
  52  6:04  Probe  
  52  6:05  Probe  
  54  6:17  Probe  
  55  6:19  Immortal  
  55  6:21  Probe  
  60  6:26  Assimilator  
  60  6:28  Void Ray  
  60  6:29  Probe  
  60  6:31  Assimilator  
  65  6:33  Probe  
  66  6:41  Probe  
  66  6:45  Probe  
  68  6:53  Probe  
  69  6:58  Probe  
  70  7:13  Probe x2  
  70  7:15  Pylon  
  70  7:20  Pylon  
  70  7:22  Nexus  
  70  7:24  Pylon  
  68  7:31  Probe x2  
  68  7:34  Gateway x2  
  68  7:36  Gateway  
  68  7:40  Gateway  
  68  7:43  Probe  
  68  7:44  Probe  
  60  8:08  Probe x2  
  62  8:16  Void Ray  
  62  8:19  Immortal  
  70  8:20  Probe x2  
  72  8:29  Fleet Beacon  
  72  8:32  Protoss Air Weapons Level 1 (Chrono Boost), Probe x2  
  74  8:35  Probe  
  75  8:43  Assimilator  
  75  8:44  Probe  
  75  8:45  Assimilator, Probe  
  75  8:46  Charge  
  75  8:47  Probe  
  78  8:56  Probe  
  78  8:57  Probe  
  78  8:58  Immortal  
  78  8:59  Void Ray  
  78  9:00  Forge  
  78  9:02  Forge  
  88  9:04  Forge  
  88  9:08  Pylon  
  88  9:09  Probe x3  
  91  9:11  Pylon  
  91  9:17  Pylon  
  91  9:21  Probe x3  
  94  9:37  Zealot x3  
  100  9:39  Zealot  
  100  9:42  Protoss Ground Weapons Level 1  
  100  9:43  Nexus  
  100  9:45  Pylon  
  102  9:46  Protoss Ground Armor Level 1  
  102  9:47  Pylon  
  102  9:49  Protoss Shields Level 1  
  102  10:13  Gateway  
  102  10:15  Gateway x2  
  102  10:17  Gateway  
  102  10:18  Gateway  
  102  10:21  Gateway  
  102  10:22  Void Ray  
  106  10:37  Zealot x4  
  106  10:38  Zealot x2  
  108  11:33  Void Ray  
  108  11:36  Immortal  
  116  11:40  Zealot x3  
  116  11:42  Zealot  
  124  11:47  Probe x4  
  128  11:59  Probe x3  
Show
View Real Time Build Order
Export as new Build Order

tigro Terran - Winner!

Build Orders:  

Get SALT Encoding   

  12  0:12  Supply Depot  
  12  0:16  SCV  
  14  0:28  SCV  
  14  0:40  Barracks, SCV  
  15  0:52  SCV  
  15  0:55  Refinery  
  16  1:04  SCV  
  16  1:09  Supply Depot  
  17  1:17  SCV  
  18  1:28  Marine  
  18  1:29  SCV  
  20  1:41  SCV  
  20  1:45  Refinery  
  20  1:46  Marine  
  22  2:04  Marine  
  23  2:22  Marine  
  24  2:40  Marine  
  25  3:00  SCV  
  26  3:12  SCV  
  27  3:15  Factory  
  27  3:18  Barracks Tech Lab  
  27  3:27  SCV  
  28  3:40  Orbital Command  
  28  4:01  Factory Tech Lab  
  28  4:02  Combat Shield  
  28  4:06  Command Center  
  28  4:21  Engineering Bay  
  28  4:47  Siege Tank  
  31  5:06  Terran Infantry Weapons Level 1  
  31  5:08  Refinery  
  31  5:19  Siege Tank  
  31  5:20  Refinery  
  31  5:21  Stimpack  
  34  5:28  Starport, SCV  
  35  5:40  SCV  
  36  5:52  SCV  
  37  5:58  Marine  
  38  6:05  SCV  
  38  6:08  Medivac  
  41  6:16  Marine  
  41  6:17  SCV  
  43  6:20  Supply Depot  
  39  6:33  Marine  
  39  6:51  Marine  
  40  7:00  Terran Infantry Armor Level 1  
  40  7:09  Marine  
  41  7:27  Marine  
  42  7:45  Marine  
  43  7:55  Command Center  
  43  8:03  Marine  
  44  8:20  Marine  
  33  8:38  Marine  
  33  8:43  Starport Tech Lab  
  33  8:56  Marine  
  33  8:57  SCV  
  35  9:07  Fusion Core  
  35  9:09  SCV  
  36  9:14  Marine  
  37  9:21  SCV  
  37  9:22  Neosteel Armor  
  38  9:27  Medivac  
  40  9:32  Marine  
  40  9:33  SCV  
  42  9:45  SCV  
  43  9:49  Marine  
  44  9:55  Armory  
  44  10:07  Marine  
  45  10:25  Marine  
  39  10:31  Battlecruiser  
  44  10:45  Marine  
  44  10:57  Barracks  
  44  11:02  Hi-Sec Auto Tracking  
  44  11:03  Marine  
  45  11:07  SCV  
  45  11:08  Refinery  
  46  11:19  SCV  
  46  11:20  Marine  
  46  11:32  SCV  
  47  11:38  Marine, Refinery  
  54  11:44  SCV  
  55  11:56  Marine, SCV  
  57  12:14  Marine, SCV  
Show
View Real Time Build Order
Export as new Build Order

IA (Élite) Protoss 

Build Orders:  

Get SALT Encoding   

  12  0:01  Probe  
  13  0:13  Probe  
  14  0:22  Pylon  
  14  0:25  Probe  
  15  0:36  Probe  
  16  0:44  Probe  
  16  0:49  Assimilator  
  17  0:53  Probe  
  18  1:01  Probe  
  18  1:04  Pylon  
  18  1:06  Gateway  
  18  1:09  Probe  
  20  1:21  Probe  
  21  1:33  Probe  
  22  1:45  Probe  
  23  1:55  Cybernetics Core, Zealot  
  23  1:56  Probe  
  26  2:04  Probe  
  26  2:07  Pylon  
  26  2:12  Probe  
  28  2:23  Probe  
  29  2:32  Stalker  
  29  2:34  Gateway  
  29  2:35  Warp Gate, Assimilator, Probe  
  30  2:47  Probe  
  29  2:56  Zealot  
  30  3:19  Adept  
  30  3:20  Zealot  
  30  3:26  Gateway  
  31  3:45  Pylon  
  31  3:47  Zealot  
  33  3:49  Adept  
  33  3:51  Probe  
  33  4:04  Gateway, Adept  
  29  4:13  Zealot  
  33  4:19  Stalker  
  33  4:34  Probe  
  33  4:42  Adept  
  33  4:46  Probe  
  33  4:47  Stalker  
  36  4:56  Adept  
  36  4:58  Adept, Probe  
  40  5:02  Adept  
  42  5:10  Adept  
  44  5:16  Zealot  
  46  5:26  Probe  
  46  5:33  Adept  
  47  5:36  Pylon  
  47  5:54  Stalker, Probe  
  50  6:02  Twilight Council  
  50  6:06  Stalker  
  52  6:14  Pylon  
  52  6:32  Sentry  
  54  6:42  Stalker  
  54  6:43  Stalker  
  58  6:48  Stalker  
  58  6:50  Pylon  
  57  6:55  Zealot  
  57  6:59  Templar Archives  
  59  7:08  Stalker  
  61  7:09  Sentry  
  61  7:11  Zealot  
  65  7:22  Nexus  
  62  7:33  Pylon  
  62  7:35  High Templar  
  62  7:36  High Templar  
  64  7:46  Robotics Facility  
  64  7:54  Stalker  
  66  8:21  Stalker  
  66  8:22  Zealot x3  
  57  8:35  Observer  
  57  8:37  High Templar  
  57  8:38  Probe  
  49  8:50  Probe  
  50  9:02  Probe  
  51  9:17  Probe  
  52  9:35  Archon  
  52  9:44  Pylon  
  52  10:00  Probe  
  53  10:10  Probe  
  48  10:42  Pylon  
  16  11:24  Probe  
Show
View Real Time Build Order
Export as new Build Order

IA (Élite) Terran 

Build Orders:  

Get SALT Encoding   

  12  0:01  SCV  
  13  0:13  SCV  
  14  0:19  Supply Depot  
  14  0:25  SCV  
  15  0:41  SCV  
  16  0:53  SCV  
  16  0:56  Refinery  
  17  1:00  Barracks  
  17  1:05  SCV  
  18  1:17  SCV  
  19  1:30  Command Center  
  19  1:40  Supply Depot  
  19  1:42  SCV  
  19  1:46  Marine  
  21  2:04  Factory  
  21  2:15  SCV  
  22  2:19  Marine  
  22  2:27  Barracks, SCV  
  23  2:36  Supply Depot, Marine  
  24  2:39  SCV  
  24  2:54  Marine  
  24  3:10  Orbital Command  
  24  3:12  Marine  
  25  3:17  Marine  
  26  3:22  SCV  
  27  3:28  Refinery  
  27  3:30  Marine  
  28  3:35  Orbital Command  
  28  3:39  SCV  
  29  3:44  Marine  
  29  3:48  Marine  
  31  3:51  SCV  
  28  4:00  Hellion  
  28  4:02  Marine  
  25  4:05  Marine  
  25  4:06  SCV  
  25  4:08  SCV  
  18  4:18  SCV  
  18  4:20  Marine, SCV  
  21  4:30  SCV  
  20  4:32  Marine  
  20  4:33  SCV  
  20  4:38  Marine  
  22  4:42  SCV  
  22  4:45  SCV  
  23  4:50  Marine  
  21  4:54  SCV  
  21  4:56  Marine  
  21  4:57  SCV  
  20  5:06  SCV  
  17  5:08  Marine  
  17  5:09  SCV  
  17  5:14  Marine  
  18  5:18  SCV  
  20  5:21  SCV  
  20  5:26  Marine  
  22  5:30  SCV  
  22  5:31  Marine  
  20  5:38  SCV  
  21  5:43  SCV  
  21  5:44  Marine  
  21  5:49  Marine  
  22  5:50  SCV  
  22  5:55  SCV  
  23  6:01  Marine  
  23  6:02  SCV  
  17  6:08  SCV  
  17  6:16  SCV  
  7  6:51  SCV  
  7  7:03  SCV  
  5  7:39  SCV  
Show
View Real Time Build Order
Export as new Build Order

IA (Élite) Terran 

Build Orders:  

Get SALT Encoding   

  12  0:01  SCV  
  13  0:13  SCV  
  14  0:19  Supply Depot  
  14  0:25  SCV  
  15  0:41  SCV  
  16  0:47  Barracks  
  16  0:53  SCV  
  17  1:05  SCV  
  18  1:14  Refinery  
  18  1:16  Supply Depot  
  18  1:17  SCV  
  19  1:29  SCV  
  20  1:35  Marine  
  12  2:04  SCV  
  3  2:16  SCV  
  4  2:28  SCV  
Show
View Real Time Build Order
Export as new Build Order

IA (Élite) Protoss 

Build Orders:  

Get SALT Encoding   

  12  0:01  Probe  
  13  0:13  Probe  
  14  0:21  Pylon  
  14  0:25  Probe  
  15  0:35  Probe  
  16  0:44  Probe  
  16  0:49  Assimilator  
  17  0:53  Probe  
  18  1:01  Probe  
  18  1:09  Probe  
  19  1:13  Pylon  
  19  1:18  Gateway  
  20  1:20  Probe  
  21  1:32  Probe  
  22  1:44  Probe, Nexus  
  23  2:01  Probe  
  23  2:07  Zealot  
  26  2:09  Probe  
  27  2:18  Probe  
  28  2:24  Cybernetics Core  
  26  2:40  Zealot  
  26  2:42  Pylon  
  26  2:52  Probe  
  26  2:54  Gateway  
  26  2:57  Stalker  
  25  3:01  Probe  
  25  3:02  Warp Gate  
  25  3:17  Probe x2  
  25  3:29  Probe x2  
  25  3:40  Stalker  
  25  3:41  Probe  
  28  3:42  Stalker  
  27  3:59  Probe  
  27  4:02  Probe  
  23  4:10  Probe  
  23  4:11  Probe  
  25  4:18  Zealot  
  25  4:21  Probe  
  27  4:25  Probe  
  27  4:33  Probe  
  27  4:37  Probe  
  29  4:45  Probe  
  29  4:49  Stalker  
  30  4:53  Zealot  
  26  5:09  Stalker  
  26  5:12  Zealot  
  28  5:25  Stalker  
  23  5:31  Probe  
  22  5:42  Probe  
Show
View Real Time Build Order
Export as new Build Order

IA (Élite) Terran 

Build Orders:  

Get SALT Encoding   

  12  0:01  SCV  
  13  0:13  SCV  
  14  0:20  Supply Depot  
  14  0:25  SCV  
  15  0:41  SCV  
  16  0:53  SCV  
  17  0:57  Refinery  
  17  1:02  Barracks  
  17  1:05  SCV  
  17  1:07  Supply Depot  
  18  1:17  SCV  
  19  1:41  Command Center  
  19  1:45  SCV  
  20  1:50  Marine  
  21  2:05  Factory  
  20  2:16  Marine  
  20  2:21  SCV  
  22  2:30  Barracks  
  22  2:33  SCV  
  22  2:34  Marine  
  24  2:39  Supply Depot  
  24  2:45  SCV  
  24  2:49  Factory Tech Lab  
  25  2:51  Marine  
  26  3:03  Orbital Command  
  25  3:09  Marine  
  25  3:17  Marine  
  25  3:19  Refinery  
  26  3:27  Marine  
  26  3:30  Orbital Command  
  27  3:35  Marine  
  27  3:37  SCV  
  28  3:45  Marine  
  29  3:49  SCV  
  29  3:52  Marine  
  31  3:56  SCV  
  31  4:01  SCV  
  32  4:03  Marine  
  32  4:08  SCV  
  32  4:10  Marine  
  32  4:14  SCV  
  32  4:20  SCV  
  32  4:21  Marine  
  34  4:26  SCV  
  34  4:28  Marine  
  35  4:32  SCV  
  35  4:38  SCV  
  37  4:39  Barracks, Marine  
  37  4:44  SCV  
  39  4:46  Barracks Tech Lab  
  39  4:50  SCV  
  39  4:56  SCV  
  39  4:57  Siege Tank  
  39  4:58  Barracks Tech Lab  
  42  5:02  SCV  
  42  5:04  Marine  
  43  5:08  SCV  
  43  5:10  Supply Depot  
  41  5:14  SCV  
  41  5:15  Stimpack  
  41  5:16  Marauder  
  44  5:22  Marine  
  44  5:24  Refinery  
  44  5:25  SCV  
  44  5:26  Marine  
  44  5:28  Engineering Bay, SCV  
  47  5:29  Siege Tank  
  51  5:37  SCV  
  51  5:38  Marauder  
  51  5:40  Marine  
  51  5:41  Supply Depot  
  54  5:43  SCV  
  54  5:44  Barracks Reactor  
  54  5:49  SCV  
  51  5:52  Refinery  
  51  5:55  SCV  
  52  5:57  Marine  
  52  5:58  Marine, Missile Turret  
  52  6:01  Hellion, SCV  
  57  6:08  Supply Depot  
  57  6:09  SCV  
  56  6:13  SCV  
  56  6:15  Marine  
  56  6:17  Marauder  
  53  6:20  Marine x2  
  53  6:21  SCV  
  53  6:22  Hellion  
  45  6:26  SCV  
  35  6:34  Marauder  
  35  6:37  SCV  
  35  6:38  Marauder, Marine x2  
  29  6:54  Marine  
  24  7:02  Marine  
  13  7:09  SCV  
  12  7:16  SCV  
  12  7:22  SCV  
  12  7:34  SCV  
  11  7:56  SCV  
Tags
 
Add a new tag
Caveats
  • Supply blocks, unpowered buildings, or Contaminate may cause inaccurate times.
  • Supply counts are checked every 10 seconds.